 Dungeon Crawl Stone Soup version 0.18-a0-1229-ge9a1a01 (webtiles) character file.

508 Chiseanne the Skirmisher (level 6, 0/56 HPs)
             Began as a Centaur Air Elementalist on Feb 4, 2016.
             Killed by divine providence
             ... invoked by an orc priest
              (11 damage)
             ... on level 4 of the Dungeon.
             The game lasted 00:13:08 (6580 turns).

Chiseanne the Skirmisher (Centaur Air Elementalist) Turns: 6580, Time: 00:13:09

Health: 0/56       AC: 13    Str: 15      XL:     6   Next: 98%
Magic:  0/8        EV:  9    Int: 16      God:
Gold:   181        SH:  0    Dex:  5 (10) Spells: 3 memorised, 2 levels left

rFire  . . .     SeeInvis .     r - +0 mace (protect)
rCold  + . .     Gourm    .     y - +2 leather armour {rC+}
rNeg   . . .     Faith    .     (no shield)
rPois  .         Spirit   +     u - +0 helmet
rElec  .         Dismiss  .     (no cloak)
rCorr  .         Reflect  .     (no gloves)
SustAt .         Harm     .     (no barding)
MR     .....                    l - amulet of guardian spirit
Stlth  ..........               (no ring)
                                g - +5 ring of strength

@: very slightly contaminated, very quick, not resistant to hostile
enchantments, extremely unstealthy
A: hooves 3, deformed body, speed 2, tough skin 3
a: no special abilities


You were on level 4 of the Dungeon.
You were hungry.

You visited 1 branch of the dungeon, and saw 4 of its levels.

You collected 181 gold pieces.

Inventory:

Hand Weapons
 r - a +0 mace of protection (weapon)
Missiles
 f - 40 arrows
 j - 12 tomahawks (quivered)
 o - 17 poisoned needles
 s - 9 sling bullets of flame
 t - 7 sling bullets of frost
 w - 12 arrows of flame
 x - 19 sling bullets
Armour
 u - a +0 helmet (worn)
 y - a +2 leather armour of cold resistance (worn)
Jewellery
 g - a +5 ring of strength (left hand)
 l - an amulet of guardian spirit (around neck)
 A - an uncursed ring of resist corrosion {unknown}
Wands
 z - a wand of iceblast (0/15)
Scrolls
 q - a scroll of immolation
Potions
 e - a potion of heal wounds
 i - a potion of brilliance {unknown}
 m - a potion of curing
 n - a potion of ambrosia {unknown}
 v - a potion of haste {unknown}
Books
 b - a book of Air

   Spells                             Type                      Level
   a - Shock                          Conjuration/Air              1
   b - Swiftness                      Charms/Air                   2
   c - Repel Missiles                 Charms/Air                   2
   d - Static Discharge               Conjuration/Air              3
   e - Lightning Bolt                 Conjuration/Air              5
Comestibles
 a - a chunk of flesh
 c - 7 bread rations
 d - a slice of pizza
 h - a beef jerky
 k - a meat ration
 p - 6 fruits


   Skills:
 * Level 5.3 Fighting
 * Level 3.4 Armour
 - Level 1.3 Dodging
 - Level 1.2 Stealth
 - Level 1.5 Spellcasting
 - Level 0.8 Conjurations
 - Level 2.6 Air Magic


You had 2 spell levels left.
You knew the following spells:

 Your Spells              Type           Power        Failure   Level  Hunger
a - Shock                 Conj/Air       #...         14%         1    ##.....
b - Repel Missiles        Chrm/Air       #.....       24%         2    ###....
c - Static Discharge      Conj/Air       #.......     38%         3    ####...


Dungeon Overview and Level Annotations

Branches:
Dungeon (4/15)
 Temple: D:4-7

Altars:
Zin

Annotations:
D:3 Eustachio


Innate Abilities, Weirdness & Mutations

You have hooves in place of feet.
Armour fits poorly on your strangely shaped body.
You cover ground very quickly.
You have extremely tough skin (AC +3).


Message History

Press: ? - help, Shift-Dir - straight line, f/p - orc priest
Aim: an orc priest, wielding a morningstar (almost dead)
You miscast Shock.
You are very lightly contaminated with residual magic.
The wind howls around you!
Casting: Shock
Confirm with . or Enter, or press ? or * to list all spells.
You don't have enough magic to cast that spell.
You closely miss the orc.
The orc is severely wounded.
The orc closely misses you. x2
You sock the orc!
You kill the orc!
The orc priest barely misses you.
You hit the orc priest but do no damage.
Your kick misses the orc priest.
The orc priest is almost dead.
The orc priest calls down the wrath of Beogh upon you.
Something smites you!
You die...

###### ......###
.....>'.#
######### #.#
#........ #(#
#........ #.#
#........ #.#
#........ #o######
#........ #.@....#
#########
#......########
#......'......#
##.....######.#
#.....# #.#
#.....# #.#
#.....# #.#
#.....######'#####
#................#


You could see an orc priest.

Vanquished Creatures
  A giant frog (D:4)
  A scorpion (D:4)
  A hound (D:4)
  A centaur skeleton (D:4)
  An orc priest (D:2)
  2 orc wizards
  2 giant frog skeletons
  An iguana (D:4)
  A worker ant (D:4)
  Robin (D:3)
  5 adders
  An ooze (D:4)
  2 adder skeletons (D:4)
  3 worms
  2 giant geckos
  6 orcs
  4 giant cockroaches
  13 goblins
  9 hobgoblins
  2 kobolds
  2 quokkas (D:4)
  A ball python (D:4)
  6 bats
  4 giant newts
  9 rats
81 creatures vanquished.

Notes
Turn   | Place    | Note
--------------------------------------------------------------
     0 | D:1      | Chiseanne the Centaur Air Elementalist began the quest for the Orb.
     0 | D:1      | Reached XP level 1. HP: 14/14 MP: 3/3
   128 | D:1      | Reached skill level 1 in Fighting
   409 | D:1      | Reached XP level 2. HP: 19/24 MP: 4/4
  1018 | D:2      | Found a glowing silver altar of Zin.
  1404 | D:2      | Reached XP level 3. HP: 20/30 MP: 3/5
  1886 | D:3      | Reached skill level 1 in Armour
  1918 | D:3      | Reached skill level 3 in Fighting
  1918 | D:3      | Reached XP level 4. HP: 20/38 MP: 2/6
  2149 | D:3      | Noticed Robin
  2211 | D:3      | Killed Robin
  2730 | D:2      | Reached XP level 5. HP: 13/45 MP: 3/7
  3319 | D:4      | Reached skill level 4 in Fighting
  3573 | D:4      | Noticed Eustachio
  4623 | D:4      | Reached XP level 6. HP: 48/53 MP: 6/8
  4835 | D:4      | Learned a level 2 spell: Repel Missiles
  4912 | D:4      | Learned a level 3 spell: Static Discharge
  5645 | D:4      | Reached skill level 5 in Fighting
  6580 | D:4      | Killed from afar by an orc priest

Vault maps used:
D:1:      dpeg_arrival_boxorama
D:2:      nicolae_overflow_crystal_walls
D:3:      uniq_robin
D:4:      first_bread, uniq_eustachio

Action                   |  1- 3 |  4- 6 || total
-------------------------+-------+-------++-------
Melee: Club              |    26 |       ||    26
       Unarmed           |     3 |       ||     3
       Mace              |    66 |   444 ||   510
       Spear             |    16 |       ||    16
Throw: Tomahawk          |       |     2 ||     2
 Cast: Shock             |     2 |     2 ||     4
       Repel Missiles    |       |     1 ||     1
Evoke: Wand              |       |     3 ||     3
  Use: Scroll            |     7 |     8 ||    15
       Potion            |       |     1 ||     1
  Eat: Chunk             |     2 |    13 ||    15
       Fruit             |       |     2 ||     2
